Unix NetHack Version 5.0.0-0 post-release - last build Jun 10 2026 00:39:30 (3ee93aec679c4c4259841fe613dc97188e26a321,branch:main).

Game began 2026-07-06 20:55:22, ended 2026-07-07 00:03:03.

ARFwashere, neutral male human Tourist

                                                                     ----
                                                                     |..--
                                                                    --...|
                                                                 ----...--
                                                                 |......|
                                                                 |.|....|
                                                                 ----..--
                                                                  ----.|  ---
                                                                -......| --.--
                                                                ----..-| |...|
                                                          |      |.....|--)<-
                                                          |.---- |.---.--.[.|
                                                          |.....-|.|--..[..--
                                                          |......|.|-......|
                                                          |........|.......|
                                                          |.......o@....----
                                                          |.. ---..|.|..|
                                                          - -   ---------

ARFwashere the Excursionist  St:15 Dx:14 Co:17 In:10 Wi:8 Ch:15  Neutral
Dlvl:5  $:1484 HP:0(52) Pw:24(24) AC:2  Xp:7 T:6570  Burdened

Latest messages:
 The housecat bites!
 You hit the housecat!
 The housecat bites!
 The housecat misses!
 You miss the housecat.
 The housecat bites!
 The housecat just misses!
 What do you want to drink? [hqsMX or ?*] ?
 You feel better.
 The housecat bites!
 You hit the housecat!
 The housecat bites!
 You hit the housecat.
 The housecat bites!
 The housecat bites!
 What do you want to drink? [hsMX or ?*] ?
 You feel much better.
 The housecat bites!
 The housecat misses!
 You hit the housecat!
 The housecat just misses!
 You kill the housecat!
 You have a little trouble lifting J - a dagger (at the ready) (16 in total).
 What do you want to use or apply? [k-mvFHL or ?*] l
 Your lantern is now on.
 What do you want to use or apply? [k-mvFHL or ?*] l
 Your lantern is now off.
 The orc-captain zaps an oak wand!
 The sleep ray hits you!
 The orc-captain tries to wield a curved sword.
 The orc-captain's knife is welded to his hand!
 The orc-captain thrusts his knife.
 The orc-captain hits!
 The orc-captain thrusts his knife.
 The orc-captain just misses!
 The orc-captain thrusts his knife.
 The orc-captain hits!
 The orc-captain swings his knife.
 The orc-captain hits again!
 The orc-captain thrusts his knife.
 The orc-captain hits!
 The orc-captain swings his knife.
 The orc-captain hits again!
 The orc-captain swings his knife.
 The orc-captain just misses!
 The orc-captain thrusts his knife.
 The orc-captain hits!
 You die...
 Do you want your possessions identified? [ynq] (y) y
 Do you want to see your attributes? [ynq] (y) q

Inventory:
 Coins    ('$')
  $ - 1484 gold pieces
 Weapons  (')')
  a - 27 +2 darts
  E - 4 +0 darts
  Y - a blessed poisoned +3 dart
  Q - a blessed +1 dagger
  I - 3 blessed +0 daggers
  Z - a +1 dagger
  J - 16 +0 daggers (at the ready)
  A - a +0 dwarvish short sword (weapon in right hand)
 Armor    ('[')
  B - a blessed +0 dwarvish iron helm (being worn)
  V - a blessed +0 pair of iron shoes (being worn)
  D - an uncursed +0 dwarvish roundshield (being worn)
  R - an uncursed +2 dwarvish cloak (being worn)
  j - a blessed +0 Hawaiian shirt with a sea turtle motif (being worn)
 Comestibles  ('%')
  f - an uncursed clove of garlic
  c - 11 uncursed food rations
  e - an uncursed fortune cookie
  b - 2 uncursed tripe rations
  d - an uncursed egg
 Scrolls  ('?')
  u - an uncursed scroll of charging
  o - an uncursed scroll of confuse monster
  O - a cursed scroll of confuse monster
  C - an uncursed scroll of enchant armor
  S - an uncursed scroll of gold detection
  U - an uncursed scroll of identify
  w - an uncursed scroll of light
  i - 4 uncursed scrolls of magic mapping
  x - 2 uncursed scrolls of teleportation
 Potions  ('!')
  s - an uncursed potion of booze
  h - 2 uncursed potions of extra healing
  M - an uncursed potion of levitation
  X - an uncursed potion of water
 Rings    ('=')
  N - a cursed -1 ring of gain constitution
 Wands    ('/')
  F - a wand of polymorph (0:6)
 Tools    ('(')
  l - an uncursed brass lantern
  v - an uncursed credit card
  H - an expensive camera (0:73)
  m - an uncursed leash
  k - a cursed skeleton key
 Gems/Stones  ('*')
  g - an uncursed aquamarine stone
  G - 4 uncursed worthless pieces of black glass
  T - an uncursed worthless piece of blue glass
  K - an uncursed worthless piece of green glass
  t - 3 uncursed worthless pieces of orange glass
  z - a cursed worthless piece of red glass
  n - an uncursed worthless piece of yellowish brown glass
  L - an uncursed luckstone

ARFwashere the Tourist's attributes:

Background:
 You were an Excursionist, a level 7 male human Tourist.
 You were neutral, nominally on a mission for The Lady
 who was opposed by Blind Io (lawful) and Offler (chaotic).
 You were right-handed.
 You were in the Gnomish Mines, on level 5.
 You entered the dungeon 6570 turns ago.
 It was the midnight hour.
 You had 904 experience points, 376 more were needed to attain level 8.

Basics:
 You had 0 out of 52 hit points.
 You had all 24 energy points (spell power).
 Your armor class was 2.
 Your wallet contained 1484 zorkmids.
 Autopickup was on for '$' plus thrown.

Final Characteristics:
 Your strength was 15 (limit:18/100).
 Your dexterity was 14 (limit:18).
 Your constitution was 17 (limit:18).
 Your intelligence was 10 (limit:18).
 Your wisdom was 8 (limit:18).
 Your charisma was 15 (limit:18).

Final Status:
 You weren't hungry.
 You were burdened; movement was slightly slowed.
 You were wielding a short sword.
 You were skilled in short sword.

Final Attributes:
 You were piously aligned.
 Your items were somewhat protected from fire.
 Your items were somewhat protected from cold.
 You were telepathic.
 You were warded.
 You were lucky.
 You had extra luck.
 Bad luck did not time out for you.
 Good luck did not time out for you.
 You are dead.

Miscellaneous:
 You encountered 1 bones level.
 Total elapsed playing time was 1 hour, 25 minutes and 57 seconds.

Major events:
 Turn
    1: ARFwashere the neutral male human Tourist entered the dungeon
  963: attained the rank of Sightseer (level 3)
 1128: entered the Gnomish Mines
 2920: read a Discworld novel
 3404: attained the rank of Excursionist (level 6)
 6478: reached Mine Town
 6570: killed by an orc-captain, while sleeping

Spells:
 Name                 Level Category     Fail Retention
 healing                1   healing      100%   51%-75%

Skills:
 Fighting Skills
   bare handed combat [Unskilled]
   two weapon combat  [Unskilled]
   riding             [Unskilled]
 Weapon Skills
   dagger             [Basic]
   knife              [Unskilled]
   axe                [Unskilled]
   pick-axe           [Unskilled]
   short sword        [Skilled]
   broadsword         [Unskilled]
   long sword         [Unskilled]
   two-handed sword   [Unskilled]
   saber              [Unskilled]
   mace               [Unskilled]
   morning star       [Unskilled]
   flail              [Unskilled]
   hammer             [Unskilled]
   quarterstaff       [Unskilled]
   polearms           [Unskilled]
   spear              [Unskilled]
   trident            [Unskilled]
   lance              [Unskilled]
   bow                [Unskilled]
   sling              [Unskilled]
   crossbow           [Unskilled]
   dart               [Basic]
   shuriken           [Unskilled]
   boomerang          [Unskilled]
   whip               [Unskilled]
   unicorn horn       [Unskilled]
 Spellcasting Skills
   divination spells  [Unskilled]
   enchantment spells [Unskilled]
   escape spells      [Unskilled]

Voluntary challenges:
 Character rerolling was not enabled.
 You were an atheist.
 You never genocided any monsters.
 You never polymorphed an object.
 You never changed form.
 You used no wishes.
Achievements:
 You entered a shop.
 You attained the rank of Sightseer.
 You entered the Gnomish Mines.
 You read from a Discworld novel.
 You attained the rank of Excursionist.
 You entered Minetown.

 The Dungeons of Doom: levels 1 to 6
    Level 1:
    Level 2:
       A general store, a fountain.
       Stairs down to The Gnomish Mines.
    Level 3:
       A general store.
    Level 4:
       A scroll shop, a fountain.
    Level 5:
       Some fountains.
    Level 6:
 The Gnomish Mines: levels 3 to 5
    Level 3:
    Level 4:
    Level 5: <- You were here.
       Final resting place for
          you, killed by an orc-captain, while sleeping,
          levoittiel-Rog-Hum-Fem-Cha, killed by an orc-captain, while sleeping.


Vanquished creatures:
  4 leprechauns
  a housecat
  a bugbear
  2 rock moles
  a pony
  2 shriekers
  3 gnome leaders
  a gnomish wizard
  2 gray oozes
  5 giant ants
  3 floating eyes
  6 dwarves
  a kobold leader
  8 hill orcs
  4 rothes
  3 giant bats
  3 dwarf zombies
  3 iguanas
  a gas spore
  2 hobbits
 13 manes
  a large kobold
  a giant rat
  2 cave spiders
  a yellow mold
  a green mold
  a red mold
 19 gnomes
  4 gnome zombies
  a gecko
  8 jackals
  a fox
  7 goblins
  a sewer rat
  6 grid bugs
  3 bats
  9 lichens
  a kobold zombie
  5 newts
141 creatures vanquished.

No species were genocided or became extinct.

Game over:
                       ----------
                      /          \
                     /    REST    \
                    /      IN      \
                   /     PEACE      \
                  /                  \
                  |    ARFwashere    |
                  |     1484 Au      |
                  |   killed by an   |
                  |   orc-captain    |
                  |                  |
                  |                  |
                  |       2026       |
                 *|     *  *  *      | *
        _________)/\\_//(\/(/\)/\//\/|_)_______

Aloha ARFwashere the Tourist...

You died in The Gnomish Mines on dungeon level 5 with 4376 points,
and 1484 pieces of gold, after 6570 moves.
You were level 7 with a maximum of 52 hit points when you died.

